[Event "MOKATE POL-chW 2019"]
[Site "Warsaw"]
[Date "2019.05.11"]
[Round "1.1"]
[White "Socko, Monika"]
[Black "Szczepkowska, Karina"]
[Result "1/2-1/2"]
[ECO "E11"]
[WhiteElo "2445"]
[BlackElo "2431"]
[Annotator "ChessBase"]
[PlyCount "118"]
[EventDate "2019.05.11"]
[EventType "tourn"]
[EventCountry "POL"]
[SourceTitle "playchess.com"]
[Source "ChessBase"]
[SourceQuality "1"]
[TimeControl "40/5400+30:1800+30"]

1. d4 Nf6 2. c4 e6 3. Nf3 Bb4+ 4. Nbd2 O-O 5. g3 d6 6. Bg2 Qe7 7. O-O Bxd2 8. Bxd2 a5 9. Qc2 Nc6 10. e4 e5 11. d5 Nb8 12. Ne1 c6 13. Nd3 cxd5 14. cxd5 b6 15. f4 Nbd7 16. fxe5 dxe5 17. Rae1 Ba6 18. Rf3 Rac8 19. Qd1 Bxd3 20. Rxd3 Nc5 21. Rc3 Nfd7 22. Be3 g6 23. Bh6 Rfd8 24. Bh3 Nb7 25. Rxc8 Rxc8 26. Qf3 Rc7 27. Be3 Ndc5 28. Qg4 Nd6 29. Bg2 Nc4 30. Qe2 Nxe3 31. Qxe3 Kg7 32. b3 Qd6 33. Bf1 Nd7 34. Bb5 Rc2 35. Bxd7 Qxd7 36. Re2 Rc5 37. Qg5 Qd6 38. Kg2 h6 39. Qe3 Qc7 40. Rd2 Qd6 41. Qd3 h5 42. h3 Rc1 43. Rf2 Rc7 44. Qf3 f6 45. h4 Qd8 46. g4 hxg4 47. Qxg4 Qc8 48. Qf3 Rf7 49. Qg3 Kh7 50. Kh2 Qc1 51. Qg4 f5 52. Qf3 Qh6 53. Qg3 Rg7 54. d6 fxe4 55. Qxe5 Qxh4+ 56. Kg2 Qg4+ 57. Kh1 Qd1+ 58. Kg2 Qg4+ 59. Kh1 Qd1+ 1/2-1/2

[Event "MOKATE POL-chW 2019"]
[Site "Warsaw"]
[Date "2019.05.11"]
[Round "1.2"]
[White "Kulon, Klaudia"]
[Black "Kubicka, Anna"]
[Result "1-0"]
[ECO "B90"]
[WhiteElo "2357"]
[BlackElo "2142"]
[Annotator "NA"]
[PlyCount "81"]
[EventDate "2019.05.11"]
[EventType "tourn"]
[EventCountry "POL"]
[SourceTitle "playchess.com"]
[Source "ChessBase"]
[SourceQuality "1"]
[TimeControl "40/5400+30:1800+30"]

1. e4 c5 2. Nf3 d6 3. d4 Nf6 4. Nc3 cxd4 5. Nxd4 a6 6. Be3 e5 7. Nb3 Be7 8. f3 Be6 9. Qd2 O-O 10. O-O-O Nbd7 11. g4 b5 12. g5 b4 13. Ne2 Ne8 14. f4 a5 15. f5 {[%emt 0:00:10] B90: Sicilian Najdorf: Unusual White 6th moves, 6 Be3 Ng4 and 6 Be3 e5} Bxb3 (15... a4 16. fxe6 axb3 17. exf7+ Rxf7 18. Kb1 bxc2+ 19. Qxc2 Bxg5 20. Bxg5 Qxg5 21. Ng3 Kh8 22. Bc4 Rf8 {1-0 (40) Duda,J (2678)-Wojtaszek,R (2746) Germany 2017}) 16. cxb3 a4 17. bxa4 Rxa4 18. Kb1 Rxa2 19. Nc1 Ra8 20. Nb3 Qc8 21. Qd5 Nc7 22. Qc6 Na6 $146 {[%emt 0:06:41] [#]} ({Black should play} 22... Nb8 $14 23. Qc4 Qd7) ({Predecessor:} 22... Rd8) 23. Bb5 $1 Qxc6 24. Bxc6 Rad8 25. f6 (25. Na5 $16) 25... gxf6 26. gxf6 Nxf6 27. Bh6 Kh8 28. Bxf8 Rxf8 29. Rhf1 Rg8 30. Bb7 Nc7 31. Na5 Rb8 32. Rd3 ({White should try} 32. Rc1 $16 Ne6 33. Bd5 Nxd5 34. exd5) 32... Ne6 33. Bd5 Nf4 34. Nc6 Rb7 35. Rb3 N6xd5 36. exd5 Nxd5 37. Rxf7 Kg8 {[%emt 0:00:55] [#]} 38. Nd8 $1 {[%emt 0:03:36] Pin} Nf4 39. Rg3+ Ng6 $18 40. Rgf3 Nf4 41. R7xf4 1-0

[Event "MOKATE POL-chW 2019"]
[Site "Warsaw"]
[Date "2019.05.11"]
[Round "1.3"]
[White "Warakomska, Anna"]
[Black "Rajlich, Iweta"]
[Result "1/2-1/2"]
[ECO "B38"]
[WhiteElo "2218"]
[BlackElo "2378"]
[Annotator "ChessBase"]
[PlyCount "87"]
[EventDate "2019.05.11"]
[EventType "tourn"]
[EventCountry "POL"]
[SourceTitle "playchess.com"]
[Source "ChessBase"]
[SourceQuality "1"]
[TimeControl "40/5400+30:1800+30"]

1. e4 c5 2. Nf3 g6 3. d4 cxd4 4. Nxd4 Bg7 5. c4 Nc6 6. Be3 Qb6 7. Nb3 Qd8 8. Nc3 Bxc3+ 9. bxc3 Nf6 10. f3 O-O 11. c5 b6 12. Be2 bxc5 13. Bxc5 d6 14. Bf2 d5 15. exd5 Nxd5 16. Qd2 Nb6 17. Qh6 Qd6 18. O-O Be6 19. Rad1 Qa3 20. Bb5 Bxb3 21. axb3 Ne5 22. Bd4 f6 23. b4 Rfc8 24. f4 Nf7 25. Qh3 Qb3 26. Rde1 Rc7 27. Bd3 Rd8 28. Qg3 Rxc3 29. Bxc3 Qxc3 30. Bb1 Qxb4 31. Qe3 Kf8 32. Ba2 Qd4 33. Qxd4 Rxd4 34. Bxf7 Kxf7 35. Ra1 Rd7 36. Rf2 Rc7 37. Rfa2 Nc8 38. Kf2 h5 39. Ke3 Ke6 40. Ra5 Kd7 41. R5a3 Ke6 42. Kf3 Rc4 43. g3 Kd7 44. R1a2 1/2-1/2

[Event "MOKATE POL-chW 2019"]
[Site "Warsaw"]
[Date "2019.05.12"]
[Round "2.1"]
[White "Szczepkowska, Karina"]
[Black "Majdan, Joanna"]
[Result "1-0"]
[ECO "A53"]
[WhiteElo "2431"]
[BlackElo "2371"]
[Annotator "NA"]
[PlyCount "83"]
[EventDate "2019.05.11"]
[EventType "tourn"]
[EventCountry "POL"]
[SourceTitle "playchess.com"]
[Source "ChessBase"]
[SourceQuality "1"]
[TimeControl "40/5400+30:1800+30"]

1. d4 Nf6 2. c4 d6 3. Nc3 e5 4. d5 a5 5. g3 g6 6. Bg2 Bg7 7. Nf3 Na6 8. e4 Nc5 9. Qc2 O-O 10. O-O c6 {[%emt 0:08:34] E67: King's Indian: Fianchetto: 6...Nbd7} (10... Nh5 11. Be3 f5 12. exf5 Bxf5 13. Qd2 b6 14. Ng5 Nf6 15. Bxc5 bxc5 16. Bh3 Bxh3 17. Nxh3 Qd7 18. Kg2 Qg4 19. f4 Nh5 20. Rae1 exf4 21. Nxf4 Bh6 22. Nce2 Rae8 23. Qxa5 Bxf4 24. Nxf4 Rxe1 {0-1 (24) Golubov,S (2481)-Gupta,A (2637) Abu Dhabi 2016}) 11. dxc6 bxc6 12. Be3 Ne6 13. Rad1 $146 ({Predecessor:} 13. h3 Nh5 14. Rfd1 f5 15. Na4 f4 16. Bb6 Qe7 17. g4 Nf6 18. c5 {½-½ (43) Pihlgren,G-Adamski,J Krakow 1964}) 13... Ng4 14. Bc1 Qc7 15. h3 Nf6 16. b3 Ne8 17. Ba3 Nd4 18. Qd3 Bb7 19. Ne1 f5 20. Nc2 c5 21. exf5 Bxg2 22. Kxg2 gxf5 23. Nxd4 cxd4 24. Nd5 Qb7 25. f3 Rf7 26. g4 a4 27. Rb1 axb3 28. Rxb3 Qa7 (28... Qa6 $15) 29. gxf5 Nf6 30. Kh1 Nxd5 31. cxd5 Qa6 32. Qxa6 Rxa6 33. Rc1 Rxf5 34. Rc6 Ra8 35. Bxd6 Rxa2 36. Rb8+ Bf8 $2 {[%emt 0:01:55] [#]} (36... Kf7 $1 $11) 37. Rcc8 $1 d3 38. Bxf8 Ra1+ 39. Kh2 Ra2+ 40. Kg3 Rg5+ 41. Kh4 d2 42. Bh6+ 1-0

[Event "MOKATE POL-chW 2019"]
[Site "Warsaw"]
[Date "2019.05.12"]
[Round "2.2"]
[White "Zawadzka, Jolanta"]
[Black "Dwilewicz, Katarzyna"]
[Result "0-1"]
[ECO "C26"]
[WhiteElo "2427"]
[BlackElo "2028"]
[Annotator "ChessBase"]
[PlyCount "68"]
[EventDate "2019.05.11"]
[EventType "tourn"]
[EventCountry "POL"]
[SourceTitle "playchess.com"]
[Source "ChessBase"]
[SourceQuality "1"]
[TimeControl "40/5400+30:1800+30"]

1. e4 e5 2. Nc3 Nf6 3. d4 exd4 4. Qxd4 Nc6 5. Qd3 Bb4 6. Bd2 O-O 7. O-O-O Re8 8. Nge2 a5 9. f4 d6 10. h3 Qe7 11. Re1 Be6 12. Kb1 Bc5 13. Nc1 Nb4 14. Qf3 c6 15. g4 Qc7 16. g5 Nd7 17. h4 d5 18. exd5 Nxd5 19. Ne4 Bb4 20. c3 Bf8 21. Bd3 a4 22. Ng3 Nc5 23. Bc2 Nb6 24. Rxe6 Rxe6 25. Be3 Nc4 26. Bxh7+ Kxh7 27. Qh5+ Kg8 28. Bxc5 Bxc5 29. g6 Rxg6 30. Qxc5 Nd2+ 31. Kc2 Rxg3 32. Re1 Rg2 33. Re2 Rxe2 34. Nxe2 Ne4 0-1

[Event "MOKATE POL-chW 2019"]
[Site "Warsaw"]
[Date "2019.05.12"]
[Round "2.3"]
[White "Rajlich, Iweta"]
[Black "Sliwicka, Alicja"]
[Result "1-0"]
[ECO "A45"]
[WhiteElo "2378"]
[BlackElo "2271"]
[Annotator "NA"]
[PlyCount "91"]
[EventDate "2019.05.11"]
[EventType "tourn"]
[EventCountry "POL"]
[SourceTitle "playchess.com"]
[Source "ChessBase"]
[SourceQuality "1"]
[TimeControl "40/5400+30:1800+30"]

1. d4 Nf6 2. g3 g6 3. Bg2 Bg7 4. Nc3 (4. e4 d6 5. Ne2 O-O 6. Nbc3 e5 7. h3 exd4 8. Nxd4 Bd7 9. O-O Nc6 10. Nb3 Re8 11. Re1 a6 12. a4 Be6 13. Nd5 Ne5 14. Nd4 Bd7 15. Bg5 c6 16. Nxf6+ Bxf6 17. Bxf6 Qxf6 {1-0 (66) Zubov,A (2612)-Demchenko,A (2645) Konya 2017}) 4... d5 5. Bg5 c6 6. Qd2 {[%emt 0:00:59] A45: Trompowsky Attack} h6 7. Bf4 Nbd7 8. h4 $146 ({Predecessor:} 8. Nf3 g5 9. Be5 Nxe5 10. Nxe5 Nd7 11. Nxd7 Bxd7 {1-0 (54) Holmsten,A (2307)-Virtanen,A (2303) Finland 2014}) 8... Nh5 9. Nf3 a5 10. Rd1 a4 11. Be3 b5 12. Ne5 Nxe5 13. dxe5 Be6 14. Qd4 Qc7 15. Bf4 Nxf4 16. gxf4 Rb8 17. Qc5 Qb6 18. Qxb6 Rxb6 19. e4 dxe4 20. Bxe4 h5 21. b3 axb3 22. axb3 O-O 23. Rg1 Rc8 24. Ke2 Kf8 25. Ke3 Bh6 26. Bxg6 fxg6 27. Rxg6 Bf7 28. Rxh6 Kg7 29. Nd5 Rbb8 $2 (29... Bxd5 $11 30. Rxh5 Kg6 31. Rg5+ Kf7) 30. Nxe7 {[%emt 0:00:51] Double Attack} Kxh6 31. Rd6+ ({Much less strong is} 31. Nxc8 $6 Rxc8 32. Rd6+) 31... Kg7 32. Nxc8 Rxc8 33. f5 Be8 34. Kf4 c5 35. f6+ Kg6 36. Rd1 c4 37. Rg1+ Kf7 38. Rg7+ Ke6 39. Re7+ Kd5 40. Kf5 cxb3 41. cxb3 b4 {[%emt 0:03:32] [#]} 42. Rxe8 $1 Rxe8 43. f7 $18 Rxe5+ 44. Kf4 Kd4 45. f8=Q Rf5+ 46. Kxf5 1-0

[Event "MOKATE POL-chW 2019"]
[Site "Warsaw"]
[Date "2019.05.12"]
[Round "2.4"]
[White "Kubicka, Anna"]
[Black "Warakomska, Anna"]
[Result "0-1"]
[ECO "B10"]
[WhiteElo "2142"]
[BlackElo "2218"]
[Annotator "NA"]
[PlyCount "78"]
[EventDate "2019.05.11"]
[EventType "tourn"]
[EventCountry "POL"]
[SourceTitle "playchess.com"]
[Source "ChessBase"]
[SourceQuality "1"]
[TimeControl "40/5400+30:1800+30"]

1. e4 c6 2. Nc3 d5 3. Nf3 Nf6 4. e5 Ne4 5. Be2 Nxc3 6. dxc3 Bg4 7. h3 Bxf3 8. Bxf3 e6 9. O-O Nd7 10. Qe2 Qc7 11. Re1 O-O-O 12. a4 g6 13. b4 Bg7 14. Bf4 h6 15. Qe3 g5 16. Bg3 Kb8 17. b5 Nb6 18. Be2 cxb5 19. axb5 Bf8 20. Ra2 Bc5 21. Qf3 Nc4 22. Bd3 Bb6 23. Kh1 Nd2 24. Qe2 Qxc3 25. Ra4 Rc8 26. Rd1 Ne4 27. Bxe4 dxe4 28. Rd7 Qxc2 29. Qxc2 Rxc2 30. Rxf7 Rc1+ 31. Kh2 Rd8 32. h4 g4 33. Bf4 Rf1 34. Rxe4 Bxf2 35. Rc4 g3+ 36. Kh3 h5 37. Bxg3 Rh1+ 38. Bh2 Bg1 39. Rcc7 Rd3+ 0-1

[Event "MOKATE POL-chW 2019"]
[Site "Warsaw"]
[Date "2019.05.12"]
[Round "2.5"]
[White "Socko, Monika"]
[Black "Kulon, Klaudia"]
[Result "1-0"]
[ECO "A88"]
[WhiteElo "2445"]
[BlackElo "2357"]
[Annotator "ChessBase"]
[PlyCount "109"]
[EventDate "2019.05.11"]
[EventType "tourn"]
[EventCountry "POL"]
[SourceTitle "playchess.com"]
[Source "ChessBase"]
[SourceQuality "1"]
[TimeControl "40/5400+30:1800+30"]

1. d4 f5 2. Nf3 Nf6 3. c4 g6 4. g3 Bg7 5. Bg2 O-O 6. Nc3 d6 7. O-O c6 8. Rb1 a5 9. d5 e5 10. dxe6 Bxe6 11. b3 Na6 12. Ng5 Qe7 13. Nxe6 Qxe6 14. Be3 Nc5 15. Qc2 Ng4 16. Bxc5 dxc5 17. Na4 Qe7 18. Rbd1 Rad8 19. e3 h5 20. Rxd8 Rxd8 21. Rd1 Rxd1+ 22. Qxd1 h4 23. Qd3 hxg3 24. hxg3 Bf6 25. Nb6 Ne5 26. Qd2 Qd8 27. Qxd8+ Bxd8 28. Na4 Be7 29. e4 b5 30. Nb2 a4 31. bxa4 bxa4 32. Nxa4 Nxc4 33. exf5 gxf5 34. Bxc6 Kg7 35. Kf1 Na3 36. Ke2 Kf6 37. f4 c4 38. Nb6 Bd8 39. Nd5+ Ke6 40. Ne3 c3 41. Bd5+ Kf6 42. Bb3 Kg6 43. Be6 Ba5 44. Bxf5+ Kf6 45. Bd3 Kg7 46. g4 Bc7 47. Kf3 Bb8 48. g5 Bc7 49. f5 Bb6 50. f6+ Kf8 51. Ke4 Bd8 52. Kf5 Bb6 53. Nc2 Nb1 54. g6 Nd2 55. Be4 1-0

[Event "MOKATE POL-chW 2019"]
[Site "Warsaw"]
[Date "2019.05.16"]
[Round "6.5"]
[White "Warakomska, Anna"]
[Black "Sliwicka, Alicja"]
[Result "1/2-1/2"]
[ECO "C58"]
[WhiteElo "2218"]
[BlackElo "2271"]
[Annotator "ChessBase"]
[PlyCount "117"]
[EventDate "2019.05.11"]
[EventType "tourn"]
[EventCountry "POL"]
[SourceTitle "playchess.com"]
[Source "ChessBase"]
[SourceQuality "1"]
[TimeControl "40/5400+30:1800+30"]

1. e4 e5 2. Nf3 Nc6 3. Bc4 Nf6 4. Ng5 d5 5. exd5 Na5 6. Bb5+ c6 7. dxc6 bxc6 8. Bd3 Nd5 9. Nf3 Bd6 10. O-O Bg4 11. h3 Bh5 12. Re1 O-O 13. g4 f5 14. gxh5 e4 15. Bf1 exf3 16. Qxf3 Qg5+ 17. Bg2 Rae8 18. Rd1 Qf6 19. d3 Nb7 20. c4 Nb4 21. Na3 Nc5 22. Bd2 Nbxd3 23. Bc3 Ne5 24. Bxe5 Bxe5 25. Rab1 Ne4 26. c5 Bd4 27. Rf1 Bxc5 28. Nc4 Re6 29. Rbc1 Kh8 30. Rc2 Bd4 31. Qb3 Nc5 32. Qf3 f4 33. Nd2 Nd7 34. Qa3 Ne5 35. Nf3 Nxf3+ 36. Qxf3 c5 37. Rd1 a5 38. b3 Re5 39. Rdd2 Rg5 40. Kh2 Qf7 41. Re2 Rxh5 42. Re4 Rf5 43. Rce2 Qg6 44. Re6 R5f6 45. Re7 Qf5 46. R2e4 h6 47. Bf1 Qg5 48. Bd3 Qd5 49. Rxg7 Kxg7 50. Re7+ R8f7 51. Qxd5 Rxe7 52. Bc4 Rf8 53. Qg2+ Kh7 54. Qc6 Kg7 55. Bd3 Rf6 56. Qg2+ Kh8 57. Qa8+ Kg7 58. Qg2+ Kh8 59. Qa8+ 1/2-1/2

[Event "MOKATE POL-chW 2019"]
[Site "Warsaw"]
[Date "2019.05.17"]
[Round "7.3"]
[White "Majdan, Joanna"]
[Black "Kulon, Klaudia"]
[Result "1-0"]
[ECO "B01"]
[WhiteElo "2371"]
[BlackElo "2357"]
[Annotator "NA RC"]
[PlyCount "77"]
[EventDate "2019.05.11"]
[EventType "tourn"]
[EventCountry "POL"]
[SourceTitle "playchess.com"]
[Source "ChessBase"]
[SourceQuality "1"]
[TimeControl "40/5400+30:1800+30"]

1. e4 d5 2. exd5 Nf6 3. Bb5+ Bd7 4. Be2 Nxd5 5. d4 Bf5 6. a3 g6 {[%emt 0:05:58] B01: Scandinavian Defence} (6... e6 7. c4 Nb6 8. Nc3 Be7 9. Nf3 O-O 10. Be3 Nc6 11. h3 h6 12. g4 Bh7 13. h4 Re8 14. g5 {½-½ (22) Nestorovic,N (2455)-Pakleza,Z (2508) Germany 2018}) 7. c4 Nb6 8. Nc3 Bg7 9. Be3 O-O $146 ({Predecessor:} 9... Nc6 10. Nf3 O-O 11. d5 Ne5 12. Nxe5 Bxe5 13. O-O c6 14. Bd4 Bxd4 15. Qxd4 cxd5 16. cxd5 {½-½ (32) Suc,T (1900)-Marolt,D (2006) Kranj 2008}) 10. h3 e5 11. d5 c6 12. Qb3 cxd5 13. cxd5 Na6 14. Nf3 Rc8 15. Rd1 e4 16. Nd4 Nc5 17. Qa2 Bd7 18. O-O Re8 19. Ndb5 Bxb5 20. Bxb5 Nbd7 21. b4 Na6 22. Ne2 Nc7 23. Ba4 b5 24. Bb3 a6 25. d6 Ne6 26. Nf4 Nxf4 27. Bxf7+ {[%emt 0:00:09] Double Attack} ({Not} 27. Bxf4 Qf6 $16) 27... Kh8 28. Bxe8 ({Weaker is} 28. Bxf4 Rf8 $18) 28... Nxh3+ 29. gxh3 Qxe8 30. Qd5 Rc3 31. Rd4 Qd8 32. Qxe4 Be5 33. Rd5 $18 Rc4 34. Bd4 Qg5+ 35. Kh1 Rxd4 36. Rxd4 Nf6 37. Qe3 Qf5 38. d7 Nxd7 39. Rxd7 1-0

[Event "MOKATE POL-chW 2019"]
[Site "Warsaw"]
[Date "2019.05.17"]
[Round "7.4"]
[White "Zawadzka, Jolanta"]
[Black "Socko, Monika"]
[Result "1-0"]
[ECO "C11"]
[WhiteElo "2427"]
[BlackElo "2445"]
[Annotator "RC"]
[PlyCount "69"]
[EventDate "2019.05.11"]
[EventType "tourn"]
[EventCountry "POL"]
[SourceTitle "playchess.com"]
[Source "ChessBase"]
[SourceQuality "1"]
[TimeControl "40/5400+30:1800+30"]

1. e4 e6 2. d4 d5 3. Nc3 Nf6 4. e5 Nfd7 5. Nce2 c5 6. c3 Nc6 7. Nf3 a5 8. a3 b6 9. Nf4 Ba6 10. h4 Bxf1 11. Kxf1 h6 12. Qc2 Qc7 13. Rh3 c4 14. a4 Qb7 15. b3 b5 16. bxc4 bxc4 17. Rb1 Qc7 18. Nxe6 fxe6 19. Qg6+ Kd8 20. Qxe6 Ne7 21. Ba3 Ke8 22. Bxe7 Bxe7 23. Qxd5 Rc8 24. Qe4 Qc6 25. d5 Nc5 26. Qf5 g6 27. Qg4 h5 28. Qd4 Qxa4 29. d6 Qc2 30. Rd1 Rb8 31. Ne1 Qa4 32. dxe7 Ne6 33. Qd6 Kf7 34. Rf3+ Kg7 35. Rf6 1-0

[Event "MOKATE POL-chW 2019"]
[Site "Warsaw"]
[Date "2019.05.18"]
[Round "8.4"]
[White "Warakomska, Anna"]
[Black "Majdan, Joanna"]
[Result "1-0"]
[ECO "B31"]
[WhiteElo "2218"]
[BlackElo "2371"]
[Annotator "NA"]
[PlyCount "53"]
[EventDate "2019.05.11"]
[EventType "tourn"]
[EventCountry "POL"]
[SourceTitle "playchess.com"]
[Source "ChessBase"]
[SourceQuality "1"]
[TimeControl "40/5400+30:1800+30"]

1. e4 c5 2. Nf3 Nc6 3. Bb5 g6 4. Bxc6 bxc6 5. d4 Bg7 6. dxc5 Qa5+ 7. Nbd2 Ba6 8. Rb1 Qxc5 9. c4 Qa5 10. b4 Qc7 11. O-O Nf6 12. e5 Ng4 13. Re1 Nxe5 14. Nxe5 Bxe5 15. Rxe5 Qxe5 16. Bb2 Qf5 17. Bxh8 f6 18. Bg7 Kf7 19. Bh6 g5 20. h4 Qg6 21. hxg5 fxg5 22. b5 Bb7 23. Nf3 Qxh6 24. Ne5+ Kg7 25. Qxd7 Qd6 26. Qxb7 Rb8 27. bxc6 1-0

[Event "MOKATE POL-chW 2019"]
[Site "Warsaw"]
[Date "2019.05.18"]
[Round "8.5"]
[White "Sliwicka, Alicja"]
[Black "Dwilewicz, Katarzyna"]
[Result "0-1"]
[ECO "B53"]
[WhiteElo "2271"]
[BlackElo "2028"]
[Annotator "NA RC"]
[PlyCount "154"]
[EventDate "2019.05.11"]
[EventType "tourn"]
[EventCountry "POL"]
[SourceTitle "playchess.com"]
[Source "ChessBase"]
[SourceQuality "1"]
[TimeControl "40/5400+30:1800+30"]

1. e4 c5 2. Nf3 d6 3. d4 cxd4 4. Qxd4 a6 5. c4 Nc6 6. Qd2 Nf6 7. Nc3 g6 8. b3 Bg7 9. Bb2 O-O 10. Be2 Qa5 11. Nd5 {[%emt 0:17:14] B53: Sicilian: 2...d6: Lines with Qxd4} (11. Rb1 Bg4 12. a3 Rab8 13. b4 Qd8 14. Ng5 h6 15. Nf3 Rc8 16. Rc1 Bxf3 17. gxf3 Nd7 18. Nd5 Bxb2 19. Qxb2 {0-1 (61) Dgebuadze,A (2547)-Lutz,C (2614) Vandoeuvre 2005}) 11... Qxd2+ 12. Nxd2 Nxd5 13. Bxg7 Kxg7 14. cxd5 Nd4 15. Rc1 Rd8 $146 ({Predecessor:} 15... e6 16. dxe6 Bxe6 17. Nf3 Nc6 18. Bd3 Bg4 {½-½ (63) Dzhangirov,D (2287)-Baltag,I (2420) Kiev 2012}) 16. Rc7 Rd7 17. Rc4 e5 18. Nf3 b5 19. Rc3 b4 20. Rc4 Nxe2 21. Kxe2 a5 22. Kd2 Ba6 23. Rc6 Bb7 24. Rc2 f5 25. Ke3 fxe4 26. Kxe4 Rf8 27. Rd1 h6 28. Ng1 g5 29. Ke3 Kf6 30. Ne2 Ke7 31. Ng3 Kd8 32. Ne4 Rc7 33. Rxc7 Kxc7 34. f3 Kd7 35. g4 Rc8 36. Rd2 Ke7 37. Kf2 Rc1 38. Kg2 Ba6 39. Ng3 Bc8 40. Nf1 Bb7 41. Ne3 Rc5 42. Kg3 Kd7 43. h4 Rc3 44. Kf2 gxh4 45. Nc4 Kc7 46. Nxa5 Kb6 47. Nxb7 Kxb7 48. f4 Rh3 ({Better is} 48... Kc7 $1 $15 49. Re2 exf4) 49. Rd1 Rh2+ 50. Kg1 (50. Kf3 $11 {keeps the balance.}) 50... Rxa2 51. fxe5 (51. Rf1 $15) 51... dxe5 $19 52. d6 Kc8 53. Rd5 Rb2 54. Rxe5 Rxb3 55. Kh2 Rg3 56. Re4 b3 57. Rb4 Kd7 58. Rb6 Rc3 59. Kg2 Ke6 60. Kh2 Rd3 61. Kg2 Kd7 62. Kh2 Ke6 63. Kg2 Kd5 64. d7 Kc4 65. Rc6+ Kb4 66. Rxh6 Rxd7 67. Rb6+ Kc4 68. Kh3 Rd5 69. Kxh4 Rb5 70. Rc6+ Kd3 71. Rc1 b2 72. Rb1 Kc2 73. Rg1 b1=Q 74. Rxb1 Rxb1 75. Kg5 Kd3 76. Kf6 Ke4 77. g5 Rb6+ 0-1

[Event "MOKATE POL-chW 2019"]
[Site "Warsaw"]
[Date "2019.05.19"]
[Round "9.2"]
[White "Majdan, Joanna"]
[Black "Sliwicka, Alicja"]
[Result "1/2-1/2"]
[ECO "C70"]
[WhiteElo "2371"]
[BlackElo "2271"]
[Annotator "RC"]
[PlyCount "125"]
[EventDate "2019.05.11"]
[EventType "tourn"]
[EventCountry "POL"]
[SourceTitle "playchess.com"]
[Source "ChessBase"]
[SourceQuality "1"]
[TimeControl "40/5400+30:1800+30"]

1. e4 e5 2. Nf3 Nc6 3. Bb5 a6 4. Ba4 Nge7 5. O-O g6 6. c3 Bg7 7. d4 exd4 8. cxd4 b5 9. Bb3 O-O 10. Nc3 d6 11. h3 Na5 12. Bc2 c5 13. Re1 Bb7 14. d5 Nc4 15. Bd3 Nb6 16. Rb1 Qd7 17. Bg5 f6 18. Bh4 b4 19. Ne2 h6 20. Bg3 g5 21. h4 Ng6 22. h5 Ne7 23. Nd2 Rae8 24. a3 a5 25. Nc4 Nxc4 26. Bxc4 f5 27. f3 f4 28. Bh2 Nc8 29. axb4 axb4 30. g4 fxg3 31. Nxg3 Qh3 32. Qe2 Bd4+ 33. Kh1 g4 34. Rf1 Nb6 35. Bb5 gxf3 36. Rxf3 Rxf3 37. Qxf3 Rf8 38. Qg2 Qxg2+ 39. Kxg2 Rf2+ 40. Kh1 Rxb2 41. Rxb2 Bxb2 42. Nf5 b3 43. Nxd6 Bd4 44. Bd3 c4 45. Nxc4 Ba6 46. Nb2 Bxd3 47. Nxd3 Na4 48. Bg1 Bxg1 49. Kxg1 b2 50. Nxb2 Nxb2 51. Kf2 Nc4 52. Ke2 Kf7 53. Kd3 Ne5+ 54. Kd4 Kf6 55. Kc5 Nf7 56. Kd4 Ne5 57. Kc5 Kg5 58. Kd6 Kf4 59. Ke6 Kxe4 60. d6 Kf4 61. d7 Nxd7 62. Kxd7 Kg5 63. Ke6 1/2-1/2

[Event "MOKATE POL-chW 2019"]
[Site "Warsaw"]
[Date "2019.05.19"]
[Round "9.4"]
[White "Rajlich, Iweta"]
[Black "Kulon, Klaudia"]
[Result "1-0"]
[ECO "A49"]
[WhiteElo "2378"]
[BlackElo "2357"]
[Annotator "NA RC"]
[PlyCount "91"]
[EventDate "2019.05.11"]
[EventType "tourn"]
[EventCountry "POL"]
[SourceTitle "playchess.com"]
[Source "ChessBase"]
[SourceQuality "1"]
[TimeControl "40/5400+30:1800+30"]

1. d4 Nf6 2. Nf3 g6 3. g3 Bg7 4. Bg2 O-O 5. O-O d6 6. Re1 Na6 {[%emt 0:04:09] A49: 1 d4 Nf6 2 Nf3 g6 3 g3: Anti-King's Indian systems} (6... Nbd7 7. e4 e5 8. Nc3 b6 9. h3 Bb7 10. d5 Qe7 11. Bg5 h6 12. Be3 Rac8 13. Qd2 Kh7 14. Nh2 c6 15. dxc6 Rxc6 16. Ng4 {1-0 (37) Artemiev,V (2736)-Firouzja,A (2657) Astana 2019}) 7. e4 c5 8. e5 $146 ({Predecessor:} 8. c3 cxd4 9. cxd4 d5 10. e5 Ne4 11. Nfd2 Ng5 12. Re2 f6 13. h4 Nf7 14. exf6 Bxf6 {0-1 (44) Slipak,S (2456)-Pichot,A (2550) Buenos Aires 2016}) 8... dxe5 9. dxe5 Nd7 10. Qe2 Nc7 11. Nc3 Ne6 12. Bf4 Nxf4 13. gxf4 e6 14. Rad1 Qb6 15. Nb5 a6 16. Nd6 Nb8 17. Nxc8 Rxc8 18. Ng5 Nc6 19. Bxc6 Qxc6 20. Rd6 Qa4 21. Qe4 Qxe4 22. Nxe4 Rc7 23. Red1 h6 24. h4 Kh7 25. Kg2 c4 26. Rd7 Rac8 27. a4 Kg8 28. Rd8+ Rxd8 29. Rxd8+ Kh7 30. Kf3 Bh8 31. c3 Bg7 32. a5 g5 33. hxg5 h5 (33... hxg5 $142 34. Nxg5+ Kg6) 34. Nd6 Rc5 35. Rd7 Rd5 36. Rxf7 Rd3+ 37. Kg2 Kg6 38. Re7 h4 39. f3 Bf8 40. Rxe6+ Kh5 41. Ne4 Bg7 42. Re7 Bf8 43. Rh7+ Kg6 44. Rxh4 Rd1 45. Rh8 Bg7 46. Rb8 $18 1-0